AoeStats
← PomPom

Arabia

512314731Analyzed
1v1 RM · 8d ago on Oct 9, 2026· 30m 36s· 2 players
Game mode
Random Map
Map size
Tiny (2 player)
Population
200
Speed
Normal
Resources
Standard
Victory
Conquest
Starting age
Dark Age
Ending age
Imperial Age
RankedLock teamsTeams togetherTeam positionsShared explorationLock speedFull tech treeHidden civsTurbo modeCheats
Victory
Defeat
🇧🇷 Burmese · Brazil
1829
+12
vs
🇻🇳 Saracens · Vietnam
1736
-12
PomPom
6:42 Loom
9:24 Feudal Age
15:26 Fletching
18:01 Padded Archer Armor
22:32 Castle Age
23:14 Bodkin Arrow
22:40 Elite Skirmisher
23:37 Leather Archer Armor
22:50 Crossbowman
23:17 Double-Bit Axe
24:27 Bow Saw
27:15 Ballistics
29:55 Wheelbarrow
se7e
6:59 Loom
9:26 Feudal Age
9:29 Man-at-Arms
14:28 Fletching
15:48 Padded Archer Armor
17:31 Wheelbarrow
22:09 Castle Age
21:29 Horse Collar
21:55 Gold Mining
22:13 Crossbowman
24:12 Bodkin Arrow
24:44 Ballistics
25:03 Elite Skirmisher
Connection lost

Rejoining the realm…

Still unreachable

The connection could not be restored.

Session expired

The server has moved on; the page needs a fresh start.